 Dungeon Crawl Stone Soup version 0.31-a0-325-g067879e3d3 (webtiles) character file.

Game seed: 24283986695506056

1526 HallandMoats the Trooper (level 8, -5/65 HPs)
             Began as a Demonspawn Fighter on July 19, 2023.
             Was an Initiate of Okawaru.
             Killed from afar by a steam dragon (18 damage)
             ... with a ball of steam
             ... on level 6 of the Dungeon.
             The game lasted 00:08:18 (5376 turns).

HallandMoats the Trooper (Demonspawn Fighter)       Turns: 5376, Time: 00:08:18

Health: -5/65      AC:  8    Str: 18    XL:     8   Next: 54%
Magic:  9/9        EV: 11    Int: 11    God:    Okawaru [......]
Gold:   293        SH: 10    Dex: 18    Spells: 7/7 levels left

rFire   . . .        a - +1 hammer
rCold   . . .        c - +0 buckler
rNeg    . . .        b - +0 scale mail
rPois   .            (helmet restricted)
rElec   .            n - +0 cloak
rCorr   .            (no gloves)
SInv    .            (no boots)
Will    .....        v - amulet of reflection Stlth
                     d - +6 ring of dexterity
HPRegen 0.30/turn    (no ring)
MPRegen 0.11/turn

%: reflection
@: no status effects
A: antennae 1, powered by death 1, spiny 2
a: Renounce Religion


You were on level 6 of the Dungeon.
You worshipped Okawaru.
Okawaru was noncommittal.
You visited 2 branches of the dungeon, and saw 7 of its levels.

You collected 293 gold pieces.

Inventory:

Hand Weapons
 a - a +1 hammer (weapon)
Missiles
 o - 3 throwing nets
 r - a curare-tipped dart (quivered)
Armour
 b - a +0 scale mail (worn)
 c - a +0 buckler (worn)
 n - a +0 cloak (worn)
Jewellery
 d - a +6 ring of dexterity (left hand)
 v - an amulet of reflection (around neck)
Scrolls
 f - 3 scrolls of enchant weapon
 g - 3 scrolls of blinking {unknown}
 h - 2 scrolls of immolation {unknown}
 i - 4 scrolls of teleportation
 k - 2 scrolls of identify {unknown}
 m - 3 scrolls of brand weapon {unknown}
 p - a scroll of fear {unknown}
 s - a scroll of vulnerability {unknown}
 t - a scroll of amnesia {unknown}
 u - a scroll of noise {unknown}
 x - a scroll of poison {unknown}
 y - a scroll of revelation {unknown}
Potions
 e - a potion of degeneration {unknown}
 j - 2 potions of curing {unknown}
 l - a potion of lignification
 q - a potion of magic {unknown}
 w - a potion of haste {unknown}
 z - a potion of might
 A - a potion of enlightenment {unknown}
 B - a potion of brilliance {unknown}


   Skills:
 * Level 6.3 Fighting
 * Level 5.3 Maces & Flails
 + Level 4.5 Armour
 + Level 3.5 Dodging
 + Level 4.4 Shields
 + Level 1.6 Invocations


You had 7 spell levels left.
You didn't know any spells.
Your spell library contained the following spells:

 Spells                   Type           Power      Damage    Failure   Level
 Freeze                   Ice            0%         1d3       80%         1
 Magic Dart               Conj           0%         1d3       80%         1
 Necrotise                Necr           0%         1d4       80%         1
 Dazzling Flash           Conj/Hex       0%         N/A       99%         3
 Frozen Ramparts          Ice            0%         1d1       99%         3
 Hailstorm                Conj/Ice       0%         3d3       99%         3
 Ignite Poison            Fire/Tmut/Pois 0%         N/A       99%         3
 Mephitic Cloud           Conj/Pois/Air  0%         N/A       99%         3
 Stone Arrow              Conj/Erth      0%         3d7       99%         3
 Vampiric Draining        Necr           0%         2d6       99%         3
 Volatile Blastmotes      Fire/Tloc      0%         2d10      99%         3
 Sticky Flame             Conj/Fire      0%         2d3       100%        4
 Agony                    Necr           0%         N/A       100%        5
 Starburst                Conj/Fire      0%         6d3       100%        6
 Ignition                 Fire           0%         3d3       100%        8
 Lehudib's Crystal Spear  Conj/Erth      0%         10d2      100%        8
 Maxwell's Capacitive Co  Air            0%         ∞         100%        8
 Call Imp                 Summ           Unusable   N/A       N/A         2
 Animate Armour           Summ/Erth      Unusable   N/A       N/A         4

Dungeon Overview and Level Annotations

Branches:
Dungeon (6/15)             Temple (1/1) D:4

Altars:
Cheibriados
Dithmenos
Fedhas
Gozag
Hepliaklqana
Kikubaaqudgha
Makhleb
Okawaru
Ru
Trog
Uskayaw
Vehumet
Wu Jian
Xom

Annotations:
D:3 2 transporters, shakesphere1979's ghost, weakling DrAE


Innate Abilities, Weirdness & Mutations

You have a pair of small antennae on your head.
You regenerate a little health from kills.
You are mostly covered in sharp spines.


Message History

You now have 293 gold pieces (gained 10).
There is a stone staircase leading down here.
The steam dragon hisses angrily.
The steam dragon breathes steam at you. The ball of steam hits you!
You're standing in a cloud of steam!
You're standing in a cloud of steam!
You're standing in a cloud of steam!
You are engulfed in a cloud of scalding steam.
You completely miss the steam dragon.
You are engulfed in a cloud of scalding steam.
The steam dragon closely misses you. x2
You closely miss the steam dragon.
You are engulfed in a cloud of scalding steam.
You block the steam dragon's attack. x2
You hit the steam dragon but do no damage.
The steam dragon is struck by your spines.
The steam dragon bites you. The steam dragon claws you.
You block the steam dragon's attack. x2
You hit the steam dragon but do no damage.
The steam dragon is lightly wounded.
The steam dragon breathes steam at you. The ball of steam hits you.
You closely miss the steam dragon.
The steam dragon is lightly wounded.
You are engulfed in a cloud of scalding steam.
The steam dragon is struck by your spines.
The steam dragon bites you but does no damage.
The steam dragon claws you but does no damage.
You closely miss the steam dragon.
The steam dragon is moderately wounded.
You are engulfed in a cloud of scalding steam.
* * * LOW HITPOINT WARNING * * *
The steam dragon barely misses you.
The steam dragon claws you but does no damage.
You barely miss the steam dragon.
The steam dragon is moderately wounded.
The steam dragon breathes steam at you. The ball of steam hits you!!
You die...

#.# #....(.....
#.# ###########
##..### .##.....#
##############
.........#
#.......[..))>
######... ......#
#...........##
.)....... ....#
#...........#
<).......
#D.###...........#
(......#.
#@..+...........#
.......#
#.###...........#
.......#
#.....##'###....#
.......#
#...#....########
.......#
#.#.#...<.....#
########
#.#..>........#
..#####.......#
##.# #.......# #.#
#.......#


You could see a steam dragon (catching breath).

Vanquished Creatures
  Sigmund (D:3)
  A water moccasin (D:5)
  An orc warrior (D:6)
  An ogre (D:5)
  2 phantoms (D:5)
  2 kobold brigands
  2 scorpions (D:5)
  A hound (D:4)
  Crazy Yiuf (D:2)
  2 orc priests (D:5)
  A gnoll bouda (D:4)
  2 jellies (D:6)
  An iguana (D:6)
  Natasha (thrice) (D:3)
  4 orc wizards
  7 adders
  9 gnolls
  A shadow imp (D:5)
  A white imp (D:4)
  3 worms
  A dart slug (D:2)
  24 orcs
  6 ball pythons
  3 bats
  8 endoplasms
  2 giant cockroaches
  4 goblins
  6 hobgoblins
  6 kobolds
  7 quokkas
  4 frilled lizards
  A rat (D:1)
118 creatures vanquished.

Notes
Turn   | Place    | Note
-------+----------+-------------------------------------------
     0 | D:1      | HallandMoats the Demonspawn Fighter began the quest for the
                  | Orb.
     0 | D:1      | Reached XP level 1. HP: 18/18 MP: 1/1
   144 | D:1      | Gained mutation: You are partially covered in sharp spines.
                  | [demonic ancestry]
   144 | D:1      | Reached XP level 2. HP: 24/24 MP: 2/2
   603 | D:2      | Gained mutation: You are mostly covered in sharp spines.
                  | [demonic ancestry]
   603 | D:2      | Reached XP level 3. HP: 18/29 MP: 3/3
  1012 | D:2      | Reached skill level 1 in Dodging
  1065 | D:2      | Gained mutation: You have a pair of small antennae on your
                  | head. [demonic ancestry]
  1065 | D:2      | Reached XP level 4. HP: 28/36 MP: 4/4
  1258 | D:2      | Found a runed translucent door.
  1259 | D:2      | Noticed Crazy Yiuf
  1539 | D:2      | Killed Crazy Yiuf
  2071 | D:3      | Gained mutation: You regenerate a little health from kills.
                  | [demonic ancestry]
  2071 | D:3      | Reached XP level 5. HP: 36/42 MP: 5/5
  2075 | D:3      | Reached skill level 4 in Fighting
  2126 | D:3      | Noticed Sigmund
  2138 | D:3      | Killed Sigmund
  2139 | D:3      | Reached XP level 6. HP: 38/49 MP: 6/6
  2258 | D:3      | Found a transporter.
  2266 | D:3      | Noticed Natasha
  2270 | D:3      | Killed Natasha
  2315 | D:3      | Found a transporter.
  2319 | D:3      | Noticed shakesphere1979's ghost (weakling DrAE)
  2350 | D:3      | Noticed Natasha
  2355 | D:3      | Killed Natasha
  2401 | D:3      | Noticed Natasha
  2406 | D:3      | Killed Natasha
  2658 | D:4      | Reached XP level 7. HP: 55/55 MP: 7/7
  2689 | D:4      | Found a hide-covered altar of Uskayaw.
  2796 | D:4      | Identified the +1 rapier "Beczano" {drain, Fragile rF+
                  | Str+5 Dex+3}
  2829 | D:4      | Found a staircase to the Ecumenical Temple.
  2835 | Temple   | Entered the Ecumenical Temple
  2938 | D:4      | Reached skill level 5 in Fighting
  3323 | D:5      | Entered Level 5 of the Dungeon
  3975 | D:5      | Identified the +0 robe "Eticuyfe" {rF- rC+ MP+9 Int+4}
  4012 | D:5      | Reached XP level 8. HP: 59/64 MP: 8/8
  4141 | D:5      | Found a blossoming altar of Fedhas.
  4306 | D:5      | Found an iron altar of Okawaru.
  4347 | D:5      | Became a worshipper of Warmaster Okawaru
  4745 | D:5      | Reached skill level 6 in Fighting
  4745 | D:5      | Reached skill level 5 in Maces & Flails
  4825 | D:6      | Reached skill level 1 in Invocations
  5376 | D:6      | Killed from afar by a steam dragon

Illustrated notes

Levels and vault maps discovered:
D:1:      minmay_arrival_up_and_down, layout_rooms
D:2:      layout_loops_corners, minmay_circled_x, uniq_crazy_yiuf_cottage
D:3:      layout_rooms, gammafunk_ghost_mausoleum, uniq_natasha, uniq_sigmund
D:4:      layout_basic, nicolae_uskayaw_dance_hall, minmay_temple_entry_fiery,
          chequers_avenue
D:5:      layout_basic, general_overflow_altar,
          mainiacjoe_overflow_surrounded_room, patterned_corridor
D:6:      layout_basic, kennysheep_mini
Temple:   oiseaux_autumnal_temple

Skill      XL: |  1  2  3  4  5  6  7  8 |
---------------+-------------------------+-----
Maces & Flails | 2 3 4 5 |  5.3
Armour         | 3 4 |  4.5
Dodging        | 1 2 3 |  3.5
Shields        | 3 4 |  4.4
Fighting       | 4 5 6 |  6.3
Invocations    | 1 |  1.6

Action                     |  1- 3 |  4- 6 |  7- 9 || total
---------------------------+-------+-------+-------++-------
  Melee: Flail             |    67 |     9 |       ||    76
         Mace              |       |    50 |   191 ||   241
    Use: Potion            |       |     2 |       ||     2
         Scroll            |       |       |     2 ||     2
 Armour: Scale mail        |    36 |    19 |    56 ||   111
         Skin              |       |     1 |       ||     1
  Dodge: Dodged            |    24 |    22 |    56 ||   102
  Block: Buckler           |     8 |    18 |    72 ||    98
         Reflection        |       |       |     1 ||     1

Table legend: (Time is in decaauts)
 A = Elapsed time spent in this place.
 B = Non-inter-level travel time spent in this place.
 C = Inter-level travel time spent in this place.
 D = Time resting spent in this place.
 E = Time spent auto-exploring this place.
 F = Levels seen in this place.
 G = Mean time per level.
                   A        B        C        D        E       F      G
               +--------+--------+--------+--------+--------+-----+--------+
         Total |   5484 |   5085 |    399 |    966 |   3053 |   7 |  783.4 |
       Dungeon |   5482 |   5083 |    399 |    966 |   3053 |   6 |  913.7 |
        Temple |      1 |      1 |      0 |      0 |      0 |   1 |    1.0 |
               +--------+--------+--------+--------+--------+-----+--------+

Top non-repeatable levels by time:
     D:5: 1512 daAuts
     D:2: 1460 daAuts
     D:4: 911 daAuts
     D:3: 601 daAuts
     D:1: 518 daAuts
     D:6: 478 daAuts
  Temple: 1 daAuts
